 Dungeon Crawl Stone Soup version 0.27-a0-1065-ge809cff456 (console) character file.

Game seed: 7582638360577367277

1 nht the Charlatan (level 1, -1/15 HPs)
             Began as a Demonspawn Artificer on Apr 23, 2021.
             Slain by a rat (2 damage)
             ... on level 1 of the Dungeon.
             The game lasted 00:00:13 (42 turns).

nht the Charlatan (Demonspawn Artificer)              Turns: 42, Time: 00:00:14

Health: -1/15      AC:  3    Str: 12    XL:     1   Next: 16%
Magic:  1/1        EV: 11    Int: 12    God:
Gold:   0          SH:  0    Dex: 13    Spells: 0/0 levels left

rFire    . . .     SeeInvis .   a - +0 club
rCold    . . .     Faith    .   (no shield)
rNeg     . . .     Spirit   .   b - +0 leather armour
rPois    .         Reflect  .   (no helmet)
rElec    .         Harm     .   (no cloak)
rCorr    .         Rampage  .   (no gloves)
Will     .....                  (no boots)
Stlth    +.........             (no amulet)
HPRegen  0.05/turn              (no ring)
MPRegen  0.07/turn              (no ring)

@: no status effects
A: no striking features
a: no special abilities


You were on level 1 of the Dungeon.
You visited 1 branch of the dungeon, and saw 1 of its levels.

Inventory:

Hand Weapons
 a - a +0 club (weapon)
Armour
 b - a +0 leather armour (worn)
Wands
 c - a wand of flame (14) (quivered)
 d - a wand of charming (15)
Potions
 f - a potion of lignification {unknown}
Miscellaneous
 e - a piece from Xom's chessboard (15/15)


   Skills:
 - Level 1.0 Fighting
 - Level 1.7 Armour
 - Level 0.8 Dodging
 - Level 0.8 Stealth
 + Level 3.1 Evocations


You couldn't memorise any spells.
You didn't know any spells.
Your spell library was empty.

Dungeon Overview and Level Annotations

Branches:
Dungeon (1/15)

Altars:


Message History

Welcome, nht the Demonspawn Artificer.
The bosom of this dungeon contains the awesome artefact, the Orb of Zot.
Press ? for a list of commands and other information.
Found a viscous puce potion.
Found a staircase leading out of the dungeon.
f - a viscous puce potion
There is a dry fountain here.
A rat comes into view.
A bat comes into view.
The bat hits you but does no damage. The bat closely misses you.
The bat barely misses you.
You hit the bat.
The bat is heavily wounded.
The bat hits you. The bat hits you but does no damage.
The rat barely misses you.
You barely miss the bat.
The bat is heavily wounded.
The bat hits you. The rat bites you.
You closely miss the bat.
The bat is heavily wounded.
The bat hits you but does no damage. The rat bites you but does no damage.
You completely miss the rat. The bat hits you but does no damage.
The rat bites you. x2
You hit the rat but do no damage. The bat barely misses you.
The rat barely misses you.
The puff of flame hits the bat!
You kill the bat!
The rat bites you.
* * * LOW HITPOINT WARNING * * *
You hit the rat but do no damage. The rat bites you.
* * * LOW HITPOINT WARNING * * *
You are too injured to fight recklessly!
Hit: a) +0 club
Press: ? - help, Dir - move target, f - rat
Aim: a rat (about 43% to evade your +0 club)
You closely miss the rat. The rat bites you.
You die... ....█ ... ... █.█ █.█ ███.███████████ ..............███ .████.████.█....██ ..██...██...███.@█ ⌠.██.⌠.██.⌠.█ ██r█

..██...██...█ █.█
.████.████.███...█
.████.████.█ █.⌠.█
.................█
...<.........██.██
............. ..
.████.████.█ .⌠


You could see a rat.

Vanquished Creatures
  A bat (D:1)
1 creature vanquished.

Notes
Turn   | Place    | Note
-------+----------+-------------------------------------------
     0 | D:1      | nht the Demonspawn Artificer began the quest for the Orb.
     0 | D:1      | Reached XP level 1. HP: 15/15 MP: 1/1
    42 | D:1      | Slain by a rat

Illustrated notes

Levels and vault maps discovered:
D:1:      dpeg_arrival_chambers_temple_mockup, layout_rooms, serial_glass,
          glass_columns_b, glass_columns_a,
          hellmonk_ecumenical_altar_slurped_away

Action                   || total
-------------------------++-------
Melee: Club              ||     7
Evoke: Wand              ||     1
Armor: Leather armour    ||     5
Dodge: Dodged            ||     5

Table legend: (Time is in decaauts)
 A = Elapsed time spent in this place.
 B = Non-inter-level travel time spent in this place.
 C = Inter-level travel time spent in this place.
 D = Time resting spent in this place.
 E = Time spent auto-exploring this place.
 F = Levels seen in this place.
 G = Mean time per level.
                   A        B        C        D        E       F      G
               +--------+--------+--------+--------+--------+-----+--------+
         Total |     43 |     43 |      0 |      0 |     28 |   1 |   43.0 |
       Dungeon |     43 |     43 |      0 |      0 |     28 |   1 |   43.0 |
               +--------+--------+--------+--------+--------+-----+--------+

Top non-repeatable levels by time:
     D:1: 43 daAuts
